SAA
LANCASTER FARMERS @ TACOMA FUR TRADERS
05/26/2038
 
TOP OF THE 1ST
Lancaster Farmers batting - Pitching for Tacoma Fur Traders : RHP Manuel Ruíz
Pitching: RHP Manuel Ruíz
Batting: LHB Ryan Ferguson 0-0: Foul Ball, location: 2F
0-1: Ball
1-1: Foul Ball, location: 2F
1-2: Strikes out swinging
Batting: RHB Gary Bruce 0-0: Ball
1-0: Called Strike
1-1: Called Strike
1-2: Ground out 1-3 (Groundball, 15, EV 81.9 MPH)
Batting: RHB Cord Hosenbeck 0-0: Ball
1-0: Ball
2-0: Called Strike
2-1: Ball
3-1: Foul Ball, location: 2F
3-2: Reached on error, E6 (Groundball, 6, EV 82.5 MPH)
Batting: RHB Yaakov Shmerkin 0-0: Fly out, F8 (Flyball, 8RD, EV 84.4 MPH)
Top of the 1st over - 0 runs, 0 hits, 1 error, 1 left on base; Lancaster 0 - Tacoma 0
BOTTOM OF THE 1ST
Tacoma Fur Traders batting - Pitching for Lancaster Farmers : RHP Carlos González
Pitching: RHP Carlos González
Batting: RHB António Salas 0-0: Ball
1-0: Ball
2-0: Called Strike
2-1: Ground out 2-3 (Groundball, 13S, EV 74.4 MPH)
Batting: LHB Sherman Hoffman 0-0: Called Strike
0-1: Ball
1-1: Ball
2-1: Called Strike
2-2: Fly out, F4 (Popup, 34, EV 74.4 MPH)
Batting: LHB Stanley Zijm 0-0: Foul Ball, location: 2F
0-1: Swinging Strike
0-2: Strikes out swinging
Bottom of the 1st over - 0 runs, 0 hits, 0 errors, 0 left on base; Lancaster 0 - Tacoma 0
TOP OF THE 2ND
Lancaster Farmers batting - Pitching for Tacoma Fur Traders : RHP Manuel Ruíz
Batting: SHB Jeremy Pollock 0-0: Swinging Strike
0-1: Ball
1-1: Ball
2-1: Ball
3-1: Swinging Strike
3-2: Strikes out looking
Batting: RHB Dragoljub Kandic 0-0: Called Strike
0-1: Fly out, F9 (Flyball, 9S, EV 75.0 MPH)
Batting: LHB John Castro 0-0: Foul Ball, location: 2F
0-1: Swinging Strike
0-2: Ground out 6-3 (Groundball, 56, EV 101.2 MPH)
Top of the 2nd over - 0 runs, 0 hits, 0 errors, 0 left on base; Lancaster 0 - Tacoma 0
BOTTOM OF THE 2ND
Tacoma Fur Traders batting - Pitching for Lancaster Farmers : RHP Carlos González
Batting: RHB Nick Harper 0-0: Foul Ball, location: 2F
0-1: Ball
1-1: Ground out 3-1 (Groundball, 34, EV 106.2 MPH)
Batting: SHB Jake Pinto 0-0: Foul Ball, location: 2F
0-1: Reached on error, E1 (Groundball, 15S, EV 73.8 MPH)
Batting: RHB John Fitzgerald 0-0: Foul Ball, location: 2F
0-1: SINGLE (Flyball, 8LS, EV 88.8 MPH)
Jake Pinto to second
Batting: SHB Mark Boyle 0-0: Swinging Strike
0-1: Called Strike
0-2: Ball
1-2: Foul Ball, location: 2F
1-2: Ball
2-2: Strikes out looking
Batting: RHB Elmer Kent 0-0: Ball
1-0: Called Strike
1-1: Foul Ball, location: 2F
1-2: Ball
2-2: Foul Ball, location: 2F
2-2: Foul Ball, location: 2F
2-2: Strikes out swinging
Bottom of the 2nd over - 0 runs, 1 hit, 1 error, 2 left on base; Lancaster 0 - Tacoma 0
TOP OF THE 3RD
Lancaster Farmers batting - Pitching for Tacoma Fur Traders : RHP Manuel Ruíz
Batting: RHB John Fuller 0-0: Foul Ball, location: 2F
0-1: Called Strike
0-2: Ball
1-2: Fly out, F3 (Line Drive, 3, EV 68.8 MPH)
Batting: LHB Alfonso Pacheco 0-0: Ball
1-0: Ball
2-0: Called Strike
2-1: Fly out, F6 (Popup, 6M, EV 75.0 MPH)
Batting: LHB Ryan Ferguson 0-0: Called Strike
0-1: Called Strike
0-2: Strikes out swinging
Top of the 3rd over - 0 runs, 0 hits, 0 errors, 0 left on base; Lancaster 0 - Tacoma 0
BOTTOM OF THE 3RD
Tacoma Fur Traders batting - Pitching for Lancaster Farmers : RHP Carlos González
Batting: RHB Jorge Ramírez 0-0: Called Strike
0-1: Called Strike
0-2: Ball
1-2: Ball
2-2: Strikes out swinging
Batting: RHB António Salas 0-0: Called Strike
0-1: Foul Ball, location: 2F
0-2: Ball
1-2: Foul Ball, location: 2F
1-2: Ball
2-2: Foul Ball, location: 2F
2-2: Foul Ball, location: 2F
2-2: Strikes out looking
Batting: LHB Sherman Hoffman 0-0: Ground out 6-3 (Groundball, 6, EV 91.2 MPH)
Bottom of the 3rd over - 0 runs, 0 hits, 0 errors, 0 left on base; Lancaster 0 - Tacoma 0
TOP OF THE 4TH
Lancaster Farmers batting - Pitching for Tacoma Fur Traders : RHP Manuel Ruíz
Batting: RHB Gary Bruce 0-0: Ground out 5-3 (Groundball, 56S, EV 87.5 MPH)
Batting: RHB Cord Hosenbeck 0-0: Ball
1-0: Called Strike
1-1: Ball
2-1: Foul Ball, location: 2F
2-2: Ball
3-2: Strikes out swinging
Batting: RHB Yaakov Shmerkin 0-0: Ball
1-0: Ball
2-0: Called Strike
2-1: Foul Ball, location: 2F
2-2: Foul Ball, location: 2F
2-2: Ball
3-2: Fly out, F3 (Popup, 23F, EV 92.5 MPH)
Top of the 4th over - 0 runs, 0 hits, 0 errors, 0 left on base; Lancaster 0 - Tacoma 0
BOTTOM OF THE 4TH
Tacoma Fur Traders batting - Pitching for Lancaster Farmers : RHP Carlos González
Batting: LHB Stanley Zijm 0-0: Called Strike
0-1: Ball
1-1: Ball
2-1: Swinging Strike
2-2: Strikes out swinging
Batting: RHB Nick Harper 0-0: Ball
1-0: Fly out, F7 (Flyball, 7, EV 90.0 MPH)
Batting: SHB Jake Pinto 0-0: Fly out, F9 (Flyball, 9LS, EV 88.8 MPH)
Bottom of the 4th over - 0 runs, 0 hits, 0 errors, 0 left on base; Lancaster 0 - Tacoma 0
TOP OF THE 5TH
Lancaster Farmers batting - Pitching for Tacoma Fur Traders : RHP Manuel Ruíz
Batting: SHB Jeremy Pollock 0-0: Called Strike
0-1: Called Strike
0-2: Ball
1-2: Ball
2-2: Strikes out swinging
Batting: RHB Dragoljub Kandic 0-0: Ball
1-0: Ground out 6-3 (Groundball, 6, EV 85.0 MPH)
Batting: LHB John Castro 0-0: Ball
1-0: Called Strike
1-1: Ball
2-1: Called Strike
2-2: Foul Ball, location: 2F
2-2: Foul Ball, location: 2F
2-2: Ball
3-2: Base on Balls
Batting: RHB John Fuller 0-0: Called Strike
John Castro steals 2nd, throwing error, E2
John Castro to third
0-1: SINGLE (Line Drive, 78M, EV 103.1 MPH)
John Castro scores
Batting: LHB Alfonso Pacheco 0-0: Fly out, F5 (Popup, 56, EV 75.6 MPH)
Top of the 5th over - 1 run, 1 hit, 1 error, 1 left on base; Lancaster 1 - Tacoma 0
BOTTOM OF THE 5TH
Tacoma Fur Traders batting - Pitching for Lancaster Farmers : RHP Carlos González
Batting: RHB John Fitzgerald 0-0: Called Strike
0-1: Fly out, F8 (Line Drive, 8LM, EV 91.9 MPH)
Batting: SHB Mark Boyle 0-0: Ball
1-0: Called Strike
1-1: Ball
2-1: Ball
3-1: Ground out 1-3 (Groundball, 13S, EV 71.9 MPH)
Batting: RHB Elmer Kent 0-0: Fly out, F9 (Flyball, 9, EV 83.8 MPH)
Bottom of the 5th over - 0 runs, 0 hits, 0 errors, 0 left on base; Lancaster 1 - Tacoma 0
TOP OF THE 6TH
Lancaster Farmers batting - Pitching for Tacoma Fur Traders : RHP Manuel Ruíz
Batting: LHB Ryan Ferguson 0-0: Ground out 4-3 (Groundball, 4M, EV 103.8 MPH)
Batting: RHB Gary Bruce 0-0: Called Strike
0-1: Ball
1-1: Foul Ball, location: 2F
1-2: Foul Ball, location: 2F
1-2: Ball
2-2: Strikes out swinging
Batting: RHB Cord Hosenbeck 0-0: Ground out 3-1 (Groundball, 34S, EV 85.0 MPH)
Top of the 6th over - 0 runs, 0 hits, 0 errors, 0 left on base; Lancaster 1 - Tacoma 0
BOTTOM OF THE 6TH
Tacoma Fur Traders batting - Pitching for Lancaster Farmers : RHP Carlos González
Batting: RHB Jorge Ramírez 0-0: Fly out, F6 (Popup, 4MD, EV 52.5 MPH)
Batting: RHB António Salas 0-0: Ball
1-0: Fly out, F7 (Flyball, 7S, EV 87.5 MPH)
Batting: LHB Sherman Hoffman 0-0: Ball
1-0: Fly out, F8 (Flyball, 78M, EV 93.1 MPH)
Bottom of the 6th over - 0 runs, 0 hits, 0 errors, 0 left on base; Lancaster 1 - Tacoma 0
TOP OF THE 7TH
Lancaster Farmers batting - Pitching for Tacoma Fur Traders : RHP Manuel Ruíz
Batting: RHB Yaakov Shmerkin 0-0: Ball
1-0: Ball
2-0: Fly out, F7 (Line Drive, 7, EV 85.6 MPH)
Batting: SHB Jeremy Pollock 0-0: Called Strike
0-1: Foul Ball, location: 2F
0-2: Strikes out swinging
Batting: RHB Dragoljub Kandic 0-0: Fly out, F9 (Flyball, 89D, EV 108.1 MPH)
Top of the 7th over - 0 runs, 0 hits, 0 errors, 0 left on base; Lancaster 1 - Tacoma 0
BOTTOM OF THE 7TH
Tacoma Fur Traders batting - Pitching for Lancaster Farmers : RHP Carlos González
Batting: LHB Stanley Zijm 0-0: Called Strike
0-1: SINGLE (Groundball, 4MD, EV 101.9 MPH)
Batting: RHB Nick Harper 0-0: Foul Ball, location: 2F
0-1: Ball
1-1: Ball
2-1: Ball
3-1: Fly out, F7 (Flyball, 7LS, EV 96.9 MPH)
Batting: SHB Jake Pinto 0-0: Ball
1-0: Grounds into double play, 4-6-3 (Groundball, 4, EV 101.9 MPH)
Bottom of the 7th over - 0 runs, 1 hit, 0 errors, 0 left on base; Lancaster 1 - Tacoma 0
TOP OF THE 8TH
Lancaster Farmers batting - Pitching for Tacoma Fur Traders : RHP Manuel Ruíz
Batting: LHB John Castro 0-0: Ground out 2-3 (Groundball, 15S, EV 67.5 MPH)
Batting: RHB John Fuller 0-0: Called Strike
0-1: Ball
1-1: Ball
2-1: Foul Ball, location: 2F
2-2: Foul Ball, location: 2F
2-2: Foul Ball, location: 2F
2-2: Strikes out swinging
Batting: LHB Alfonso Pacheco 0-0: Ball
1-0: Called Strike
1-1: Ball
2-1: Called Strike
2-2: Ball
3-2: Base on Balls
Pitching: RHP Jeffrey Chesser
Batting: LHB Ryan Ferguson 0-0: Fly out, F5 (Flyball, 5D, EV 78.1 MPH)
Top of the 8th over - 0 runs, 0 hits, 0 errors, 1 left on base; Lancaster 1 - Tacoma 0
BOTTOM OF THE 8TH
Tacoma Fur Traders batting - Pitching for Lancaster Farmers : RHP Carlos González
Batting: RHB John Fitzgerald 0-0: Foul Ball, location: 2F
0-1: Swinging Strike
0-2: Strikes out looking
Batting: SHB Mark Boyle 0-0: Ball
1-0: Ground out 6-3 (Groundball, 4M, EV 78.1 MPH)
Batting: RHB Elmer Kent 0-0: Reached on error, E9 (Flyball, 9D, EV 85.0 MPH)
Batting: RHB Jorge Ramírez 0-0: Ball
1-0: Ball
2-0: Ball
3-0: Base on Balls
Batting: RHB António Salas 0-0: Called Strike
0-1: Ground out 4-3 (Groundball, 4, EV 108.1 MPH)
Bottom of the 8th over - 0 runs, 0 hits, 1 error, 2 left on base; Lancaster 1 - Tacoma 0
TOP OF THE 9TH
Lancaster Farmers batting - Pitching for Tacoma Fur Traders : RHP Jeffrey Chesser
Pitching: RHP Ronald Wolfe
Batting: RHB Gary Bruce 0-0: Ball
1-0: Ball
2-0: Fly out, F4 (Popup, 3S, EV 77.5 MPH)
Batting: RHB Cord Hosenbeck 0-0: Called Strike
0-1: Foul Ball, location: 2F
0-2: Ground out 4-3 (Groundball, 4M, EV 97.5 MPH)
Batting: RHB Yaakov Shmerkin 0-0: Ball
1-0: Ball
2-0: Swinging Strike
2-1: Foul Ball, location: 2F
2-2: Fly out, F8 (Flyball, 89D, EV 101.2 MPH)
Top of the 9th over - 0 runs, 0 hits, 0 errors, 0 left on base; Lancaster 1 - Tacoma 0
BOTTOM OF THE 9TH
Tacoma Fur Traders batting - Pitching for Lancaster Farmers : RHP Carlos González
Batting: LHB Sherman Hoffman 0-0: Called Strike
0-1: Called Strike
0-2: Ball
1-2: Ball
2-2: Ball
3-2: Foul Ball, location: 2F
3-2: SINGLE (Groundball, 4D, EV 101.2 MPH)
Batting: LHB Stanley Zijm 0-0: Called Strike
0-1: Ball
1-1: Swinging Strike
1-2: Strikes out swinging
Pitching: RHP Sean Miranda
Batting: RHB Nick Harper 0-0: Ball
1-0: Ball
2-0: Ball
3-0: Called Strike
3-1: Foul Ball, location: 2F
3-2: Base on Balls
Sherman Hoffman to second
Batting: SHB Jake Pinto 0-0: Ball
1-0: Called Strike
1-1: DOUBLE (Line Drive, 7LS, EV 107.5 MPH)
Sherman Hoffman scores
Nick Harper to third
Batting: RHB John Fitzgerald 0-0: Ball
Wild Pitch!
Nick Harper scores
Friday, April 17th, 2020 - OOTP Baseball 20.8 Build 74